AoeStats
← perromelocoton

Golden Pit

508505440Analyzed
1v1 RM · 8d ago on Sep 22, 2026· 43m 32s· 2 players
Game mode
Random Map
Map size
Tiny (2 player)
Population
200
Speed
Normal
Resources
Standard
Victory
Conquest
Starting age
Dark Age
Ending age
Imperial Age
RankedLock teamsTeams togetherTeam positionsShared explorationLock speedFull tech treeHidden civsTurbo modeCheats
Victory
Defeat
🇪🇸 Britons · Spain
879
+16
🇹🇼 Persians · Taiwan
869
-16
imissyouyuki
3:30 Loom
10:56 Feudal Age
11:23 Double-Bit Axe
12:50 Wheelbarrow
14:24 Horse Collar
15:06 Bloodlines
22:15 Castle Age
20:49 Forging
20:46 Stone Mining
22:09 Scale Barding Armor
21:57 Gold Mining
23:41 Hand Cart
25:42 Husbandry
28:03 Iron Casting
27:43 Bow Saw
27:36 Heavy Plow
34:24 Gold Shaft Mining
34:24 Stone Shaft Mining
39:34 Imperial Age
37:40 Chain Barding Armor
38:00 Kamandaran
38:38 Crossbowman
40:12 Fletching
40:23 Padded Archer Armor
41:23 Blast Furnace
41:16 Ballistics
42:37 Chemistry
42:03 Thumb Ring
42:22 Leather Archer Armor
42:02 Bodkin Arrow
43:29 Plate Barding Armor
perromelocoton
3:15 Loom
9:47 Feudal Age
11:13 Double-Bit Axe
13:01 Wheelbarrow
15:00 Horse Collar
20:38 Castle Age
20:47 Stone Mining
21:57 Fletching
24:30 Scale Mail Armor
23:55 Pikeman
28:14 Bodkin Arrow
28:45 Gold Mining
32:18 Imperial Age
30:55 Bow Saw
32:09 Squires
31:55 Gambesons
32:29 Chain Mail Armor
33:10 Gold Shaft Mining
33:09 Ballistics
35:12 Halberdier
38:02 Plate Mail Armor
39:43 Chemistry
39:13 Conscription
39:17 Forging
39:27 Hand Cart
39:53 Hand Cart
39:54 Masonry
40:39 Careening
40:28 Murder Holes
41:45 Bracer
43:23 Padded Archer Armor
Connection lost

Rejoining the realm…

Still unreachable

The connection could not be restored.

Session expired

The server has moved on; the page needs a fresh start.